 Dungeon Crawl Stone Soup version 0.23.2-11-gf996548 (webtiles) character file.

Game seed: 13423937937690318161

164 IBeShadow the Firebug (level 5, -4/44 HPs)
             Began as a Draconian Fire Elementalist on June 3, 2019.
             Slain by an orc
             ... wielding a +1 dagger of venom
              (5 damage)
             ... on level 3 of the Dungeon.
             The game lasted 00:04:15 (2839 turns).

IBeShadow the Firebug (Draconian Fire Elementalist) Turns: 2839, Time: 00:04:16

Health: -4/44      AC:  5    Str: 11    XL:     5   Next: 21%
Magic:  8/8        EV: 12    Int: 19    God:
Gold:   78         SH:  0    Dex: 11    Spells: 7/8 levels left

rFire    + . .     SeeInvis .   d - +0 dagger
rCold    . . .     Gourm    .   (no shield)
rNeg     . . .     Faith    .   (armour unavailable)
rPois    .         Spirit   .   (helmet restricted)
rElec    .         Reflect  .   (no cloak)
rCorr    .         Harm     .   (no gloves)
MR       .....                  (no boots)
Stlth    ++........             (no amulet)
HPRegen  0.14/turn              m - ring of protection from fire
MPRegen  0.11/turn              o - +3 ring of intelligence

@: no status effects
A: unfitting armour, cold-blooded, AC +5
a: no special abilities


You were on level 3 of the Dungeon.
You were hungry.

You visited 1 branch of the dungeon, and saw 3 of its levels.

You collected 78 gold pieces.

Inventory:

Hand Weapons
 d - a +0 dagger (weapon)
Jewellery
 m - a ring of protection from fire (left hand)
 o - a +3 ring of intelligence (right hand)
Wands
 l - a wand of iceblast (8)
Scrolls
 a - a scroll of immolation {unknown}
 c - 2 scrolls of remove curse {unknown}
 e - a scroll of blinking {unknown}
 g - 2 scrolls of identify {unknown}
 h - 2 scrolls of teleportation {unknown}
 j - a scroll of fear {unknown}
Potions
 f - a potion of mutation {unknown}
 i - 3 potions of lignification {unknown}
 k - a potion of haste {unknown}
 n - a potion of curing {unknown}
 q - a potion of berserk rage {unknown}
Comestibles
 b - 7 rations


   Skills:
 + Level 2.9 Fighting
 - Level 1.7 Dodging
 - Level 1.7 Stealth
 - Level 2.0 Spellcasting
 + Level 3.0 Conjurations
 + Level 4.2 Fire Magic


You had 7 spell levels left.
You knew the following spells:

 Your Spells              Type           Power        Failure   Level  Hunger
a - Flame Tongue          Conj/Fire      ###..        3%          1    #......

Your spell library contained the following spells:

 Spells                   Type           Power        Failure   Level  Hunger
 Throw Flame              Conj/Fire      ###...       6%          2    ###....
 Conjure Flame            Conj/Fire      ###.....     12%         3    ###....
 Inner Flame              Hex/Fire       #.......     22%         3    ###....
 Sticky Flame             Conj/Fire      ###.....     36%         4    #####..
 Fireball                 Conj/Fire      ###.......   71%         5    ######.


Dungeon Overview and Level Annotations

Branches:
Dungeon (3/15)

Altars:
Cheibriados
Fedhas
Sif Muna
Yredelemnul


Innate Abilities, Weirdness & Mutations

Your plain brown scales are hard. (AC +5)
You cannot fit into any form of body armour.
You are cold-blooded and may be slowed by cold attacks.


Message History

Found an escape hatch in the ceiling.
You see here a war axe.
Okay, then.
An orc comes into view. It is wielding a +0 hand axe.
The orc shouts!
An orc comes into view. It is wielding a +1 dagger of venom.
An orc comes into view. It is wielding a +0 dagger.
The orc shouts!
The orc shouts!
The orc priest mumbles some strange prayers to Beogh against you.
Beogh smites you!
* * * LOW HITPOINT WARNING * * *
The orc closely misses you.
The orc priest calls down the wrath of Beogh upon you.
Beogh smites you!
* * * LOW HITPOINT WARNING * * *
The orc hits you with a +0 hand axe.
* * * LOW HITPOINT WARNING * * *
The orc hits you with a +1 dagger of venom.
You die...

##### .....#####
.........# .........#
.........+ .........#
##....<@p###
..###.ooo..# ###
#####.# #...##Z# ...
...#.###.o.##.#
###.####.#.#<....##Z#
.8#.................+
..# #####...........#
.########......###)##
.#l..##........# #.#


You could see a human, an orc priest, 3 orcs and a quokka zombie.

Vanquished Creatures
  Ijyb (D:3)
  A human skeleton (D:3)
  3 adders
  3 oozes
  2 worms (D:2)
  5 dart slugs
  2 leopard geckos
  3 orcs (D:3)
  A ball python (D:3)
  A giant cockroach (D:1)
  11 goblins
  5 hobgoblins
  3 kobolds
  8 bats
  3 frilled lizards
  A kobold skeleton (D:3)
  6 rats
59 creatures vanquished.

Notes
Turn   | Place    | Note
-------+----------+-------------------------------------------
     0 | D:1      | IBeShadow the Draconian Fire Elementalist began the quest
                  | for the Orb.
     0 | D:1      | Reached XP level 1. HP: 14/14 MP: 3/3
   139 | D:1      | Reached XP level 2. HP: 22/22 MP: 5/5
   157 | D:1      | Reached skill level 1 in Fighting
   487 | D:1      | Reached XP level 3. HP: 23/28 MP: 6/6
   814 | D:2      | Found a deep blue altar of Sif Muna.
  1111 | D:2      | Found a snail-covered altar of Cheibriados.
  1112 | D:2      | Found a blossoming altar of Fedhas.
  1221 | D:2      | Reached XP level 4. HP: 34/36 MP: 7/7
  1696 | D:3      | Noticed Ijyb
  1713 | D:3      | Killed Ijyb
  1919 | D:3      | Reached skill level 4 in Fire Magic
  2412 | D:3      | Reached XP level 5. HP: 38/42 MP: 6/8
  2521 | D:3      | Noticed a human
  2522 | D:3      | Found a runed translucent door.
  2526 | D:3      | Found a basalt altar of Yredelemnul.
  2839 | D:3      | HP: 2/44 [orc priest/divine providence (8)]
  2839 | D:3      | Slain by an orc

Skill      XL: |  1  2  3  4  5 |
---------------+----------------+-----
Fighting       | 1 2 |  2.9
Conjurations   | 2 3 |  3.0
Fire Magic     | 4 |  4.2
Dodging        | |  1.7
Stealth        | |  1.7
Spellcasting   | |  2.0

Action                   |  1- 3 |  4- 6 || total
-------------------------+-------+-------++-------
Melee: Unarmed           |    29 |       ||    29
       Tailslap          |    19 |    11 ||    30
       Dagger            |   128 |   143 ||   271
 Cast: Flame Tongue      |     1 |    29 ||    30
 Stab: Sleeping          |     4 |       ||     4
  Eat: Chunk             |     1 |     5 ||     6
Armor: Skin              |    46 |    57 ||   103
Dodge: Dodged            |   107 |    88 ||   195
